 Dungeon Crawl Stone Soup version 0.31-a0-1205-g5e5e916f41 (webtiles) character file.

Game seed: 16320485529541761805

15318 GreatBamboolord the Thaumaturge (level 12, -6/68 HPs)
             Began as a Deep Elf Earth Elementalist on Dec 13, 2023.
             Was an Elder of Vehumet.
             Mangled by a hell knight
             ... wielding a +2 halberd of flaming
              (23 damage)
             ... in a volcano.
             The game lasted 00:29:08 (11435 turns).

GreatBamboolord the Thaumaturge (DEEE)             Turns: 11435, Time: 00:29:09

Health: -6/68      AC: 13    Str:  5    XL:     12   Next: 0%
Magic:  12/29      EV: 18    Int: 26    God:    Vehumet [****..]
Gold:   220        SH:  0    Dex: 21    Spells: 9/34 levels left

rFire   . . .        a - +6 shillelagh "Devastator" {shatter}
rCold   . . .        (no shield)
rNeg    + + +        y - +0 steam dragon scales
rPois   +            F - +1 helmet of the Pit {Dex+6}
rElec   +            f - +1 cloak
rCorr   +            h - +2 pair of gloves {infuse}
SInv    .            p - +0 pair of boots "Erigev" {*Corrode rElec rN+++}
Will    +....        i - amulet of regeneration
Stlth   ++++         e - ring of poison resistance
HPRegen 1.11/turn    B - ring of resist corrosion
MPRegen 0.21/turn

%: corrode self (3%), infuse magic (1 MP)
@: about to teleport
A: no striking features
a: Renounce Religion


You were in a volcano.
You worshipped Vehumet.
Vehumet was greatly pleased with you.
You visited 2 branches of the dungeon, and saw 11 of its levels.
You also visited: Bailey and Volcano.

You collected 623 gold pieces.
You spent 403 gold pieces at shops.

Inventory:

Hand Weapons
 a - the +6 shillelagh "Devastator" (weapon) {shatter}
   (You found it on level 7 of the Dungeon)
 d - a +0 short sword of draining
 D - the +5 Force Lance {heavy, knockback}
   (You found it on level 7 of the Dungeon)
Armour
 f - a +1 cloak (worn)
 h - a +2 pair of gloves of infusion (worn)
 p - the +0 pair of boots "Erigev" (worn) {*Corrode rElec rN+++}
   (You found it on level 4 of the Dungeon)

   rElec:     It insulates you from electricity.
   rN+++:     It renders you almost immune to negative energy.
   *Corrode:  It may corrode you when you take damage.
 s - a +2 hat
 y - +0 steam dragon scales (worn)
 F - the +1 helmet of the Pit (worn) {Dex+6}
   (You found it in a bailey)

   Dex+6:     It affects your dexterity (+6).
Jewellery
 e - a ring of poison resistance (left hand)
 i - an amulet of regeneration (around neck)
 k - a ring of ice
 w - a ring of ice
 B - a ring of resist corrosion (right hand)
 M - a +6 ring of dexterity
Wands
 x - a wand of flame (43)
 C - a wand of paralysis (11)
 P - a wand of polymorph (6)
Scrolls
 c - 2 scrolls of teleportation
 j - 5 scrolls of revelation
 m - a scroll of amnesia {unknown}
 n - a scroll of fear {unknown}
 o - 3 scrolls of enchant weapon {unknown}
 q - a scroll of fog {unknown}
 t - 3 scrolls of enchant armour
 v - a scroll of brand weapon {unknown}
 z - 2 scrolls of poison {unknown}
 A - a scroll of butterflies {unknown}
 K - 3 scrolls of noise {unknown}
 L - 2 scrolls of immolation {unknown}
Potions
 b - 3 potions of magic
 g - 2 potions of lignification
 l - 4 potions of mutation
 r - a potion of ambrosia {unknown}
 u - a potion of haste {unknown}
 E - 2 potions of cancellation
 G - a potion of degeneration {unknown}
 I - 6 potions of curing
 J - a potion of enlightenment {unknown}
 N - a potion of invisibility {unknown}
 O - 4 potions of heal wounds
Miscellaneous
 H - a lightning rod (4/4)


   Skills:
 + Level 5.1 Fighting
 + Level 8.0 Dodging
 + Level 8.5 Stealth
 * Level 11.9 Spellcasting
 * Level 9.6 Conjurations
 + Level 1.8 Translocations
 - Level 6.0 Transmutations
 * Level 10.3 Earth Magic


You had 9 spell levels left.
You knew the following spells:

 Your Spells              Type           Power      Damage    Failure   Level
a - Sandblast             Erth           100%       2d20      1%          1
b - Passwall              Tmut/Erth      45%        N/A       1%          2
c - Stone Arrow           Conj/Erth      100%       3d13      1%          3
d - Brom's Barrelling Bo  Conj/Erth      61%        2d8       1%          4
e - Petrify               Tmut/Erth      55%        N/A       1%          4
f - Irradiate             Conj/Tmut      27%        3d20      1%          5
g - Iskenderun's Mystic   Conj/Tloc      45%        2d10      1%          4
h - Blink                 Tloc           50%        N/A       2%          2

Your spell library contained the following spells:

 Spells                   Type           Power      Damage    Failure   Level
 Sting                    Tmut/Pois      100%       1d8       1%          1
 Poisonous Vapours        Pois/Air       30%        N/A       1%          2
 Dazzling Flash           Conj/Hex       80%        N/A       1%          3
 Fulminant Prism          Conj/Hex       20%        3d12      1%          4
 Lesser Beckoning         Tloc           50%        N/A       2%          2
 Volatile Blastmotes      Fire/Tloc      40%        2d13      2%          3
 Summon Small Mammal      Summ           60%        N/A       3%          1
 Gell's Gravitas          Tloc           25%        N/A       5%          3
 Teleport Other           Tloc           25%        N/A       5%          3
 Olgreb's Toxic Radiance  Pois           15%        N/A       11%         4
 Call Canine Familiar     Summ           15%        N/A       12%         3
 Summon Guardian Golem    Hex/Summ       15%        N/A       12%         3
 Manifold Assault         Tloc           25%        N/A       17%         4
 Summon Ice Beast         Ice/Summ       15%        N/A       36%         4
 Agony                    Necr           15%        N/A       71%         5
 Silence                  Hex/Air        7%         N/A       71%         5
 Summon Mana Viper        Hex/Summ       15%        N/A       71%         5
 Monstrous Menagerie      Summ           7%         N/A       100%        7


Dungeon Overview and Level Annotations

Branches:
Dungeon (10/15)            Temple (0/1) D:7            Lair (1/5) D:10
    Orc (0/2) D:9          Bailey (visited)         Volcano (1/1)

Altars:
Cheibriados
Fedhas
Gozag
Hepliaklqana
Kikubaaqudgha
Nemelex Xobeh
Qazlal
Ru
Trog
Vehumet
Wu Jian
Xom
The Shining One

Shops:
D:9 !

Annotations:
D:6 1 runed translucent door, utbildad's ghost, novice DsCK
D:10 3 runed translucent doors, anet's ghost, novice GrCA


Message History

The stone arrow hits the red ugly thing!!
The red ugly thing is moderately wounded.
The air gets thick with the scent of sulphur.
The smoke demon gestures at you. Something smites you!
The red ugly thing completely misses you.
Aiming: Stone Arrow (safe; 1% risk of failure)
Press: ? - help, Q - select action, (/) - cycle Shift-Dir - straight line, f/p - red ugly thing
Aim: a red ugly thing (moderately wounded, 78% to hit)
The stone arrow hits the red ugly thing!!
The red ugly thing is severely wounded.
The red ugly thing closely misses you.
Aiming: Stone Arrow (safe; 1% risk of failure)
Press: ? - help, Q - select action, (/) - cycle Shift-Dir - straight line, f/p - red ugly thing
Aim: a red ugly thing (severely wounded, 78% to hit)
The stone arrow hits the red ugly thing!!
The red ugly thing is almost dead.
The red ugly thing closely misses you.
Aiming: Stone Arrow (safe; 1% risk of failure)
Press: ? - help, Q - select action, (/) - cycle Shift-Dir - straight line, f/p - red ugly thing
Aim: a red ugly thing (almost dead, 78% to hit)
The stone arrow hits the red ugly thing!!
You kill the red ugly thing!
Vehumet accepts your kill.
You feel your power returning.
In the distance, the volcano erupts with a roar.
The hell knight hits you from afar with a +2 halberd of flaming!!
The hell knight burns you!
Your Dodging skill increases to level 8!
You have reached level 12!
You feel clever.
As you read the scroll of teleportation, it crumbles to dust.
You feel strangely unstable. The hell knight completely misses you.
The hell hound breathes flames at you.
The blast of flame hits the hell knight.
The hell knight completely resists.
The blast of flame hits you!
* * * LOW HITPOINT WARNING * * *
Unknown command.
The hell knight hits you from afar with a +2 halberd of flaming!!
You die...

#..# #.3# #p.###).#
#..∩..# #†..# #3#
#### #h# #..## ##p##
##...##
#8.8###.....##
#@..##..≈≈.§.##
##......≈≈§§...#
#.§§...≈§§§§...##
#§.§§≈≈≈§≈§≈≈§..##
##§§§≈≈≈≈§§≈≈≈≈≈..##
#..≈≈§≈≈§§§≈§≈§≈§...
#.≈≈≈§≈≈≈≈≈≈≈≈§≈§...
#.≈≈≈≈≈≈≈≈≈§§§≈§§§≈.
#.≈§≈≈≈≈≈≈≈≈≈≈§≈≈≈≈≈


You could see a hell knight (fast), a smoke demon and a hell hound (catching
breath).

Vanquished Creatures
  2 two-headed ogres
  Nergalle (D:10)
  Pikel (D:6)
  An ugly thing (Volcano)
  4 gargoyles
  A cane toad (Lair:1)
  A troll (D:9)
  A red devil (Volcano)
  A hornet (D:7)
  2 raiju (D:8)
  24 yaks
  2 wyverns
  A vampire (Bailey)
  9 fire bats
  A basilisk (Lair:1)
  A steam dragon (D:7)
  A water moccasin (D:6)
  A hell hound (Volcano)
  3 black bears
  2 orc warriors
  A sky beast (D:8)
  An ice beast (D:6)
  2 ogres
  3 centaurs
  A phantom (D:6)
  2 lemures (D:6)
  3 bullfrogs
  4 kobold brigands
  3 scorpions
  6 wights
  4 howler monkeys
  7 vampire bats (Bailey)
  7 electric eels (D:8)
  7 wolf zombies (Bailey)
  7 hounds
  7 lava snakes (Volcano)
  Crazy Yiuf (D:3)
  2 jellies (D:6)
  7 orc priests
  2 gnoll boudas
  2 iguanas
  3 sleepcaps
  11 orc wizards
  7 adders
  16 gnolls
  A shadow imp (D:5)
  2 worms (D:2)
  25 orcs
  6 endoplasms
  5 giant cockroaches
  14 goblins
  6 hobgoblins
  24 kobolds
  4 quokkas
  5 ball pythons
  9 bats
  A frilled lizard (D:1)
  21 orc zombies (Bailey)
  6 rats
305 creatures vanquished.

Vanquished Creatures (collateral kills)
  A boulder (D:10)
1 creature vanquished.

Vanquished Creatures (others)
  5 boulders
5 creatures vanquished.

Grand Total: 311 creatures vanquished

Notes
Turn   | Place    | Note
-------+----------+-------------------------------------------
     0 | D:1      | GreatBamboolord the Deep Elf Earth Elementalist began the
                  | quest for the Orb.
     0 | D:1      | Reached XP level 1. HP: 10/10 MP: 6/6
   288 | D:1      | Reached XP level 2. HP: 15/15 MP: 5/8
   973 | D:2      | Reached XP level 3. HP: 20/20 MP: 6/10
   976 | D:2      | Learned a level 2 spell: Passwall
   980 | D:2      | Learned a level 3 spell: Stone Arrow
  1194 | D:2      | Reached XP level 4. HP: 19/24 MP: 5/11
  1304 | D:2      | Reached skill level 1 in Conjurations
  1438 | D:2      | Reached skill level 4 in Spellcasting
  1502 | D:2      | Reached skill level 1 in Fighting
  1691 | D:2      | Reached XP level 5. HP: 8/29 MP: 3/13
  1771 | D:3      | Found a faded altar of an unknown god.
  1848 | D:3      | Found a runed translucent door.
  1849 | D:3      | Noticed Crazy Yiuf
  2031 | D:3      | Found a hazy altar of Hepliaklqana.
  2527 | D:4      | Reached XP level 6. HP: 34/34 MP: 12/14
  2583 | D:4      | Identified the +0 pair of boots "Erigev" {*Corrode rElec
                  | rN+++}
  2714 | D:4      | Reached skill level 5 in Spellcasting
  2966 | D:4      | Reached XP level 7. HP: 39/39 MP: 12/17
  3005 | D:4      | Reached skill level 5 in Earth Magic
  3127 | D:4      | Found a radiant altar of Vehumet.
  3159 | D:4      | Became a worshipper of Vehumet
  3174 | D:5      | Entered Level 5 of the Dungeon
  3848 | D:5      | Reached skill level 6 in Spellcasting
  3962 | D:6      | Reached XP level 8. HP: 42/44 MP: 15/19
  4585 | D:6      | Found a runed translucent door.
  4586 | D:6      | Found a shimmering altar of Xom.
  4586 | D:6      | Noticed utbildad's ghost (novice DsCK)
  4586 | D:6      | Noticed a +2 falchion of chaos
  4786 | D:6      | Reached * piety under Vehumet
  4786 | D:6      | Offered knowledge of Foxfire by Vehumet.
  4862 | D:6      | Reached skill level 7 in Spellcasting
  4885 | D:6      | Noticed Pikel
  4889 | D:6      | Reached skill level 5 in Stealth
  4899 | D:6      | Killed Pikel
  4900 | D:6      | Reached skill level 5 in Dodging
  4900 | D:6      | Reached skill level 5 in Conjurations
  4900 | D:6      | Reached XP level 9. HP: 39/50 MP: 5/22
  4906 | D:6      | Learned a level 4 spell: Brom's Barrelling Boulder
  4911 | D:6      | Learned a level 4 spell: Petrify
  5307 | D:7      | Found the +6 shillelagh "Devastator" {shatter}
  5313 | D:7      | Noticed a two-headed ogre
  5315 | D:7      | Noticed a gargoyle
  5320 | D:7      | Killed a two-headed ogre
  5321 | D:7      | Reached skill level 8 in Spellcasting
  5326 | D:7      | Killed a gargoyle
  5430 | D:7      | Found a shimmering altar of Xom.
  5672 | D:7      | Found the +5 Force Lance {heavy, knockback}
  5971 | D:7      | Found a blossoming altar of Fedhas.
  6194 | D:7      | Found a staircase to the Ecumenical Temple.
  6276 | D:7      | Found a sparkling altar of Nemelex Xobeh.
  6277 | D:7      | Found an opulent altar of Gozag.
  6549 | D:3      | Killed Crazy Yiuf
  6628 | D:8      | Noticed a two-headed ogre
  6631 | D:8      | Killed a two-headed ogre
  6632 | D:8      | Reached skill level 9 in Spellcasting
  6632 | D:8      | Reached skill level 5 in Transmutations
  6632 | D:8      | Reached XP level 10. HP: 43/56 MP: 14/25
  6759 | D:8      | Found a flagged portal.
  6765 | D:8      | Paralysed by a hornet for 1 turns
  6780 | D:7      | HP: 3/84 [hornet (4)]
  7033 | D:8      | Offered knowledge of Momentum Strike by Vehumet.
  7051 | Bailey   | Entered a bailey
  7088 | Bailey   | Reached ** piety under Vehumet
  7129 | Bailey   | Noticed a gargoyle
  7138 | Bailey   | Killed a gargoyle
  7375 | Bailey   | Offered knowledge of Frozen Ramparts by Vehumet.
  7483 | Bailey   | Identified the +8 plate armour of the Skies Above {rF-
                  | Int+4}
  7611 | Bailey   | Reached skill level 10 in Spellcasting
  7643 | Bailey   | Identified the +1 helmet of the Pit {Dex+6}
  7751 | D:8      | Reached *** piety under Vehumet
  8147 | D:8      | Found a glowing golden altar of the Shining One.
  8149 | D:8      | Found a sacrificial altar of Ru.
  8293 | D:8      | Found a snail-covered altar of Cheibriados.
  8415 | D:8      | Found an ornate altar of the Wu Jian Council.
  8494 | D:9      | Offered knowledge of Inner Flame by Vehumet.
  8587 | D:9      | Reached XP level 11. HP: 52/62 MP: 2/27
  9217 | D:9      | Found a staircase to the Orcish Mines.
  9415 | D:9      | Reached **** piety under Vehumet
  9558 | D:9      | Reached skill level 11 in Spellcasting
  9597 | D:9      | Offered knowledge of Irradiate by Vehumet.
  9605 | D:9      | Learned a level 5 spell: Irradiate
  9855 | D:9      | Found Komuorgha's Distillery.
  9863 | D:9      | Bought 2 potions of heal wounds for 130 gold pieces
  9863 | D:9      | Bought a potion of heal wounds for 65 gold pieces
  9863 | D:9      | Bought a potion of heal wounds for 65 gold pieces
  9863 | D:9      | Bought a potion of curing for 39 gold pieces
  9863 | D:9      | Bought a potion of cancellation for 104 gold pieces
 10033 | D:10     | Entered Level 10 of the Dungeon
 10056 | D:10     | Found a runed translucent gate.
 10057 | D:10     | Found a runed translucent gate.
 10303 | D:10     | Found a bloodstained altar of Trog.
 10311 | D:10     | Found a runed translucent gate.
 10330 | D:10     | Found a staircase to the Lair.
 10341 | D:10     | Noticed Nergalle
 10348 | D:10     | Killed Nergalle
 10417 | D:10     | Noticed anet's ghost (novice GrCA)
 10424 | D:10     | Learned a level 4 spell: Iskenderun's Mystic Blast
 10427 | D:10     | Learned a level 2 spell: Blink
 10444 | D:10     | Found a stormy altar of Qazlal.
 10444 | D:10     | Found an ancient bone altar of Kikubaaqudgha.
 10530 | D:10     | Reached skill level 10 in Earth Magic
 10829 | Lair:1   | Entered Level 1 of the Lair of Beasts
 10911 | Lair:1   | Reached skill level 5 in Fighting
 10934 | Lair:1   | Reached skill level 1 in Translocations
 11006 | Lair:1   | Found a dark tunnel.
 11034 | Volcano  | Entered a volcano
 11421 | Volcano  | Noticed a red ugly thing
 11422 | Volcano  | Noticed a hell knight
 11433 | Volcano  | Killed a red ugly thing
 11434 | Volcano  | Reached XP level 12. HP: 27/68 MP: 11/29
 11435 | Volcano  | Mangled by a hell knight

Illustrated notes

Levels and vault maps discovered:
D:1:      matt_arrival_refuge, layout_basic, minmay_close_crescents
D:2:      layout_basic, nicolae_elevator_lobby_asterisk
D:3:      layout_rooms, nicolae_hepliaklqana_hazy_memory,
          ebering_ecumenical_altar_rust, uniq_crazy_yiuf_cottage
D:4:      layout_basic, nicolae_vehumet_altar_sigil
D:5:      layout_gridville, st_stairs_13
D:6:      layout_basic, ebering_ghost_xom, uniq_pikel
D:7:      layout_loops_ring, grunt_temple_overflow_opulence,
          amcnicky_altar_gilded, lemuel_tele_altar, temple_green,
          dilly_guarded_unrand_devastator
D:8:      layout_rooms, mainiacjoe_overflow_six_doors_small,
          pdpol_wu_jian_five_deadly_venoms, nicolae_overflow_squiral,
          enter_bailey_3, nicolae_have_a_lightning_rod
D:9:      layout_long_grid, orc_0_dummy, serial_shops, shop
D:10:     layout_cross, trog_three_pillars_becter,
          gammafunk_temple_overflow_statue, gammafunk_ghost_spectres,
          uniq_nergalle
Lair:1:   layout_gridlike, nicolae_volcano_entry_batcave, uniq_fannar
Volcano:  volcano_grotto [vgs_dualism]

Skill      XL: |  1  2  3  4  5  6  7  8  9 10 11 |
---------------+----------------------------------+-----
Conjurations   | 1 2 3 4 5 6 8 9 |  9.6
Spellcasting   | 4 5 6 7 9 10 11 | 11.9
Earth Magic    | 4 5 6 8 9 10 | 10.3
Dodging        | 3 4 5 6 8 |  8.0
Fighting       | 1 2 3 4 5 |  5.1
Stealth        | 3 4 5 6 7 8 |  8.5
Transmutations | 2 3 4 5 6 |  6.0
Translocations | 1 |  1.8

Action                     |  1- 3 |  4- 6 |  7- 9 | 10-12 || total
---------------------------+-------+-------+-------+-------++-------
  Melee: Short sword       |       |     1 |       |       ||     1
         Shillelagh        |       |       |       |    11 ||    11
   Cast: Sandblast         |    48 |    74 |   120 |    77 ||   319
         Stone Arrow       |       |       |    34 |   197 ||   231
         Brom's Barrelling |       |       |     2 |     6 ||     8
  Evoke: Lightning rod     |       |       |       |     5 ||     5
    Use: Scroll            |       |     4 |     1 |     6 ||    11
         Potion            |       |       |     1 |     3 ||     4
 Armour: Robe              |     8 |    28 |    44 |       ||    80
         Steam dragon scal |       |       |    21 |    98 ||   119
         Skin              |       |       |       |     8 ||     8
  Dodge: Dodged            |    15 |    23 |    59 |   119 ||   216

Table legend: (Time is in decaauts)
 A = Elapsed time spent in this place.
 B = Non-inter-level travel time spent in this place.
 C = Inter-level travel time spent in this place.
 D = Time resting spent in this place.
 E = Time spent auto-exploring this place.
 F = Levels seen in this place.
 G = Mean time per level.
                   A        B        C        D        E       F      G
               +--------+--------+--------+--------+--------+-----+--------+
         Total |  11604 |  10979 |    625 |   1526 |   7018 |  13 |  892.6 |
       Dungeon |  10320 |   9741 |    579 |    943 |   6988 |  10 | 1032.0 |
          Lair |    204 |    158 |     46 |     77 |      0 |   1 |  204.0 |
        Bailey |    678 |    678 |      0 |    264 |     30 |   1 |  678.0 |
       Volcano |    401 |    401 |      0 |    242 |      0 |   1 |  401.0 |
               +--------+--------+--------+--------+--------+-----+--------+

Top non-repeatable levels by time:
     D:7: 1546 daAuts
     D:9: 1545 daAuts
     D:6: 1393 daAuts
     D:2: 942 daAuts
     D:8: 889 daAuts
     D:1: 842 daAuts
     D:3: 824 daAuts
     D:5: 807 daAuts
    D:10: 798 daAuts
     D:4: 729 daAuts
  Bailey: 678 daAuts
 Volcano: 401 daAuts
  Lair:1: 204 daAuts
